 Dungeon Crawl Stone Soup version 0.27-a0-1500-g450c7e4133 (webtiles) character file.

Game seed: 9732387754883178101

194 dickylongcocking the Magician (level 6, -3/40 HPs)
             Began as a Djinni Fire Elementalist on July 8, 2021.
             Slain by Sigmund (12 damage)
             ... on level 3 of the Dungeon.
             The game lasted 00:03:48 (3303 turns).

dickylongcocking the Magician (DjFE)                Turns: 3303, Time: 00:03:49

Health: -3/40      AC:  3    Str:  7    XL:     6   Next: 3%
Gold:   54         EV: 12    Int: 18    God:
                   SH:  0    Dex: 14

rFire    + + .     SeeInvis .   f - +0 dagger
rCold    x . .     Faith    .   (no shield)
rNeg     . . .     Spirit   .   a - +0 robe
rPois    ∞         Reflect  .   (no helmet)
rElec    .         Harm     .   o - +0 cloak
rCorr    .         Rampage  .   (no gloves)
Will     .....                  (boots unavailable)
Stlth    ++........             (no amulet)
HPRegen  0.13/turn              (no ring)
MPRegen  0.00/turn              (no ring)

@: flying, very slightly contaminated
A: sickness immunity, fire resistance 2, cold vulnerability 1, float, innate
caster, hp casting, extra vitality 1
a: no special abilities


You were on level 3 of the Dungeon.
You visited 1 branch of the dungeon, and saw 3 of its levels.

You collected 119 gold pieces.
You spent 65 gold pieces at shops.

Inventory:

Hand Weapons
 f - a +0 dagger (weapon)
 k - a +0 spear
Missiles
 d - 38 stones
 h - a throwing net
Armour
 a - a +0 robe (worn)
 o - a +0 cloak (worn)
Jewellery
 p - a ring of flight
Scrolls
 c - 2 scrolls of identify {unknown}
 i - a scroll of vulnerability {unknown}
Potions
 b - a potion of attraction {unknown}
 e - 2 potions of degeneration {unknown}
 j - a potion of cancellation {unknown}
 l - a potion of brilliance {unknown}
 m - a potion of haste {unknown}
 n - a potion of lignification {unknown}
 q - 2 potions of heal wounds


   Skills:
 + Level 2.7 Dodging
 + Level 2.1 Stealth
 + Level 4.4 Spellcasting


You couldn't memorise any spells.
You knew the following spells:

 Your Spells              Type           Power      Damage    Failure   Level
a - Foxfire               Conj/Fire      80%        2x1d8     2%          1
b - Conjure Flame         Conj/Fire      20%        6-21      7%          3
c - Inner Flame           Hex/Fire       20%        N/A       7%          3
d - Sticky Flame          Conj/Fire      20%        2d4       22%         4
e - Fireball              Conj/Fire      10%        3d6       52%         5
f - Sandblast             Erth           40%        2d10      2%          1
g - Corpse Rot            Necr/Air       N/A        N/A       3%          2
Your spell library was empty.

Dungeon Overview and Level Annotations

Branches:
Dungeon (3/15)

Altars:
Qazlal

Shops:
D:3 !

Annotations:
D:3 Sigmund


Innate Abilities, Weirdness & Mutations

You are immune to sickness and miasma.
You are immune to poison.
Your flesh is very heat resistant. (rF++)
You are vulnerable to cold. (rC-)
You float through the air rather than walking.
You learn spells naturally, not from books.
Your magical power is your life essence.
You have superior vitality. (+4 HP)


Message History

Sigmund points at you and mumbles some strange words.
You are confused.
You feel better.
Sigmund points at you and mumbles some strange words.
You are confused.
You bump into the rock wall.
You feel better.
Sigmund gestures wildly while chanting.
Sigmund flickers and vanishes!
Deactivating autopickup; reactivate with Ctrl-A.
You see here an adder corpse.
An orc comes into view. It is wielding a +0 short sword.
Casting: Sandblast (safe; 2% risk of failure)
Confirm with . or Enter, or press ? or * to list all spells.
Okay, then.
Casting: Sandblast (safe; 2% risk of failure)
Confirm with . or Enter, or press ? or * to list all spells.
You smell decay.
Something hits you.
Unknown command.
Unknown command.
Casting: Corpse Rot (safe; 3% risk of failure)
Confirm with . or Enter, or press ? or * to list all spells.
Okay, then.
Casting: Corpse Rot (safe; 3% risk of failure)
Confirm with . or Enter, or press ? or * to list all spells.
Aiming: Sandblast (safe; 2% risk of failure)
Press: ? - help, Shift-Dir - straight line, f - you
Okay, then.
Casting: Sandblast (safe; 2% risk of failure)
Confirm with . or Enter, or press ? or * to list all spells.
The spell is quite dangerous to cast (22% risk of failure)!
Continue anyway?
Aiming: Sticky Flame (quite dangerous; 22% risk of failure)
Press: ? - help, Shift-Dir - straight line You miscast Sticky Flame.
You are very lightly contaminated with residual magic.
You feel a strange surge of energy!
* * * LOW HITPOINT WARNING * * *
x2 The orc shouts!
Something hits you!
You die...

...... ##..### ##.
......##.)## #..
.......#.## #o#
.........# #.#
###.##.)### #.#
##...# #.# ###.# #.#
#.######.# #.....##@#
# #####.÷○.# ####
####..######
...#######..........#
##...........:......#
#########..........#
#..........#
#..........#
#..........#


You could see an orc.

Vanquished Creatures
  6 gnolls (D:2)
  7 adders
  3 dart slugs
  8 endoplasms
  8 hobgoblins
  4 jackals (D:2)
  7 kobolds
  3 quokkas (D:1)
  6 ball pythons
  3 bats (D:1)
  4 frilled lizards
  5 goblins
  8 rats
72 creatures vanquished.

Vanquished Creatures (others)
  197 foxfires
197 creatures vanquished.

Grand Total: 269 creatures vanquished

Notes
Turn   | Place    | Note
-------+----------+-------------------------------------------
     0 | D:1      | dickylongcocking the Djinni Fire Elementalist began the
                  | quest for the Orb.
     0 | D:1      | Reached XP level 1. HP: 15/15 MP: 0/0
   189 | D:1      | Reached XP level 2. HP: 17/21 MP: 0/0
   341 | D:1      | You are sucked into a shaft and drop 1 floor!
   348 | D:2      | Reached skill level 3 in Spellcasting
   348 | D:2      | Reached XP level 3. HP: 18/25 MP: 0/0
   348 | D:2      | Learned a level 1 spell: Sandblast
  1170 | D:1      | Reached XP level 4. HP: 30/31 MP: 0/0
  1302 | D:1      | Found a faded altar of an unknown god.
  2261 | D:2      | Reached XP level 5. HP: 14/35 MP: 0/0
  2261 | D:2      | Learned a level 2 spell: Corpse Rot
  2265 | D:2      | Reached skill level 4 in Spellcasting
  3161 | D:3      | Found Uraudor's Distillery.
  3181 | D:3      | Bought a potion of heal wounds for 65 gold pieces
  3221 | D:3      | Reached XP level 6. HP: 39/40 MP: 0/0
  3267 | D:3      | Found a stormy altar of Qazlal.
  3269 | D:3      | Noticed Sigmund
  3303 | D:3      | Slain by Sigmund

Illustrated notes

Levels and vault maps discovered:
D:1:      dpeg_arrival_shrine, layout_rooms,
          hellmonk_ecumenical_altar_inner_sanctum
D:2:      layout_basic, grunt_ministairs_12
D:3:      layout_rooms, grunt_qazlal_clouds, serial_shops,
          nicolae_shop_temple_entry_statues_fountains, kennysheep_pointless_box,
          minmay_crystal_room, uniq_sigmund

Skill      XL: |  1  2  3  4  5 |
---------------+----------------+-----
Spellcasting   | 3 4 |  4.4
Stealth        | 2 |  2.1
Dodging        | |  2.7

Action                   |  1- 3 |  4- 6 || total
-------------------------+-------+-------++-------
Melee: Unarmed           |     1 |       ||     1
 Cast: Foxfire           |    66 |    53 ||   119
       Sandblast         |     3 |    42 ||    45
       Inner Flame       |       |     1 ||     1
       Corpse Rot        |       |     1 ||     1
  Use: Potion            |       |     2 ||     2
Armor: Robe              |     4 |       ||     4
Dodge: Dodged            |    13 |     7 ||    20

Table legend: (Time is in decaauts)
 A = Elapsed time spent in this place.
 B = Non-inter-level travel time spent in this place.
 C = Inter-level travel time spent in this place.
 D = Time resting spent in this place.
 E = Time spent auto-exploring this place.
 F = Levels seen in this place.
 G = Mean time per level.
                   A        B        C        D        E       F      G
               +--------+--------+--------+--------+--------+-----+--------+
         Total |   3303 |   3241 |     62 |    557 |   2225 |   3 | 1101.0 |
       Dungeon |   3303 |   3241 |     62 |    557 |   2225 |   3 | 1101.0 |
               +--------+--------+--------+--------+--------+-----+--------+

Top non-repeatable levels by time:
     D:2: 1698 daAuts
     D:1: 1178 daAuts
     D:3: 425 daAuts
